 Dungeon Crawl Stone Soup version 0.26.0-18-gc5c842f807 (webtiles) character file.

Game seed: 14009519351095338706

146 thiole the Sneak (level 5, -2/31 HPs)
             Began as an Octopode Hedge Wizard on Jan 22, 2021.
             Slain by Natasha (7 damage)
             ... on level 2 of the Dungeon.
             The game lasted 00:04:10 (4039 turns).

thiole the Sneak (Octopode Hedge Wizard)            Turns: 4039, Time: 00:04:10

Health: -2/31      AC:  1    Str: 10    XL:     5   Next: 28%
Magic:  10/10      EV: 13    Int: 17    God:
Gold:   73         SH:  0    Dex: 11    Spells: 3/11 levels left

rFire    . . .     SeeInvis .   a - +0 dagger
rCold    . . .     Faith    .   (no shield)
rNeg     . . .     Spirit   .   b - +0 hat
rPois    .         Reflect  .   (no amulet)
rElec    .         Harm     .   (no ring)
rCorr    .         Rampage  .   (no ring)
Will     .....                  (no ring)
Stlth    ++++......             (no ring)
HPRegen  0.10/turn              (no ring)
MPRegen  0.12/turn              (no ring)
                                (no ring)
                                (no ring)

@: slowed, very slow
A: almost no armour, stealthy swim, amphibious, 8 rings, constrict 8, camouflage
1, gelatinous body 1
a: no special abilities


You were on level 2 of the Dungeon.
You visited 1 branch of the dungeon, and saw 3 of its levels.

You collected 73 gold pieces.

Inventory:

Hand Weapons
 a - a +0 dagger (weapon)
 l - a +1 vorpal battleaxe
Armour
 b - a +0 hat (worn)
Jewellery
 m - an uncursed ring of resist corrosion {unknown}
Scrolls
 c - 2 scrolls of teleportation {unknown}
 d - 2 scrolls of enchant armour {unknown}
 f - a scroll of magic mapping
 h - a scroll of remove curse
 i - a scroll of enchant weapon {unknown}
Potions
 e - a potion of ambrosia
 j - 2 potions of curing
 k - 2 potions of brilliance {unknown}


   Skills:
 - Level 2.0 Dodging
 + Level 4.6 Stealth
 + Level 3.7 Spellcasting
 - Level 2.0 Conjurations
 + Level 0.7 Hexes
 - Level 2.0 Summonings
 - Level 1.0 Translocations
 * Level 1.3 Air Magic


You had 3 spell levels left.
You knew the following spells:

 Your Spells              Type           Power        Failure   Level
a - Magic Dart            Conj           36%          7%          1
b - Call Imp              Summ           9%           11%         2
c - Slow                  Hex            5%           19%         2
d - Mephitic Cloud        Conj/Pois/Air  6%           30%         3

Your spell library contained the following spells:

 Spells                   Type           Power        Failure   Level
 Blink                    Tloc           N/A          16%         2
 Conjure Flame            Conj/Fire      6%           32%         3


Dungeon Overview and Level Annotations

Branches:
Dungeon (3/15)

Altars:

Annotations:
D:2 Natasha


Innate Abilities, Weirdness & Mutations

You cannot wear most types of armour.
You are very stealthy in the water. (Stealth+)
You are amphibious.
You can wear up to eight rings at the same time.
You can use your tentacles to constrict eight enemies at once.
Your skin changes colour to match your surroundings (Stealth+).
Your rubbery body absorbs attacks. (AC +1, EV +1)


Message History

You feel disoriented. Natasha claws you!
You hit Natasha but do no damage. You grab Natasha. You constrict Natasha.
Natasha stares at you and mumbles some strange words.
You feel yourself slow down.
You hit Natasha but do no damage.
Natasha is lightly wounded.
You constrict Natasha. Natasha claws you. Natasha claws you!
You hit Natasha but do no damage.
Natasha is moderately wounded.
You constrict Natasha. Natasha closely misses you.
You hit Natasha.
Natasha is moderately wounded.
You constrict Natasha. Natasha claws you!
* * * LOW HITPOINT WARNING * * *
Natasha misses you.
You hit Natasha but do no damage.
Natasha is heavily wounded.
You constrict Natasha. Natasha claws you!
You die...

#.# #.# #.#.#
###############.#####.###.#.#
###.....................#...#.#
).............###.#######.###.#
###.#...........#.#...........#
#.#.#######...#.......#.#####
#.#.# ##..#.#)#.###.# #.#.#
####..#.#.#.# #.# #.#.#
#.....@.#.#.# #.# #.#.#
#.#.#h#.#.#.# #.# ###.#.#
#.#.#...#.#.# #.#
..#.#.#####.###...#.#.###.#######
..#.#.#...........#..............
..........................(>#####
..#.#.#.#..........(#...#.#.#
....#.#.#.#.###.##.##...#.#.#
#####.#.#.#.###.##......#.#.#


You could see Natasha.

Vanquished Creatures
  Natasha (twice) (D:2)
  3 adders (D:2)
  An ooze (D:2)
  2 worms (D:2)
  2 dart slugs
  2 leopard geckos
  An orc (D:2)
  A ball python (D:2)
  4 giant cockroaches
  6 goblins
  7 hobgoblins
  10 kobolds
  A quokka (D:2)
  6 bats
  A frilled lizard (D:1)
  6 rats
55 creatures vanquished.

Notes
Turn   | Place    | Note
-------+----------+-------------------------------------------
     0 | D:1      | thiole the Octopode Hedge Wizard began the quest for the
                  | Orb.
     0 | D:1      | Reached XP level 1. HP: 11/11 MP: 4/4
   363 | D:1      | Reached XP level 2. HP: 17/17 MP: 3/6
   364 | D:1      | Reached skill level 3 in Stealth
   929 | D:1      | Reached XP level 3. HP: 21/21 MP: 1/7
  1955 | D:2      | Noticed Natasha
  1958 | D:2      | Reached XP level 4. HP: 27/27 MP: 7/9
  1968 | D:2      | Killed Natasha
  1969 | D:2      | Reached skill level 4 in Stealth
  2206 | D:2      | Learned a level 2 spell: Call Imp
  2209 | D:2      | Learned a level 2 spell: Slow
  2213 | D:2      | Learned a level 3 spell: Mephitic Cloud
  3075 | D:2      | Reached XP level 5. HP: 31/31 MP: 7/10
  3441 | D:2      | Reached skill level 1 in Air Magic
  3632 | D:2      | Noticed Natasha
  3638 | D:2      | Killed Natasha
  4031 | D:2      | Noticed Natasha
  4039 | D:2      | Slain by Natasha

Illustrated notes

Levels and vault maps discovered:
D:1:      minmay_arrival_wavy_path, layout_loops_ring, minmay_misc_feat_plants
D:2:      layout_basic, uniq_natasha
D:3:      layout_rooms, nicolae_gozag_seed_capital

Skill      XL: |  1  2  3  4  5 |
---------------+----------------+-----
Stealth        | 3 4 |  4.6
Summonings     | 2 |  2.0
Conjurations   | 2 |  2.0
Air Magic      | 1 |  1.3
Dodging        | |  2.0
Spellcasting   | |  3.7
Hexes          | |  0.7
Translocations | |  1.0

Action                   |  1- 3 |  4- 6 || total
-------------------------+-------+-------++-------
Melee: Dagger            |    23 |    47 ||    70
       Constrict         |     9 |    10 ||    19
       Tentacles         |     5 |     7 ||    12
 Cast: Magic Dart        |    83 |    54 ||   137
       Call Imp          |       |     6 ||     6
  Use: Scroll            |     4 |     3 ||     7
 Stab: Sleeping          |       |     2 ||     2
Armor: Skin              |       |     3 ||     3
Dodge: Dodged            |    14 |    29 ||    43
